 Dungeon Crawl Stone Soup version 0.31-a0-1529-g7bd419a0e5 (webtiles) character file.

Game seed: 17015826787878577423

23 ckbwf the Trooper (level 3, 0/29 HPs)
             Began as a Human Berserker on Dec 31, 2023.
             Was a Follower of Trog.
             Slain by a gnoll
             ... wielding a +0 club
              (4 damage)
             ... on level 1 of the Dungeon.
             The game lasted 00:09:16 (601 turns).

ckbwf the Trooper (Human Berserker)                  Turns: 601, Time: 00:09:16

Health: 0/29       AC:  3    Str: 19    XL:     3   Next: 0%
Magic:  3/3        EV: 12    Int:  7    God:    Trog [*.....]
Gold:   96         SH:  0    Dex: 12    Spells: 2/2 levels left

rFire   . . .        g - +0 hand axe
rCold   . . .        (no shield)
rNeg    . . .        m - +0 leather armour
rPois   .            (no helmet)
rElec   .            (no cloak)
rCorr   .            (no gloves)
SInv    .            (no boots)
Will    .....        (no amulet)
Stlth   +            (no ring)
HPRegen 0.24/turn    (no ring)
MPRegen 0.08/turn

%: no passive effects
@: brilliant
A: explore regen
a: Renounce Religion, Berserk


You were on level 1 of the Dungeon.
You worshipped Trog.
Trog was aware of your devotion.
You visited 1 branch of the dungeon, and saw 2 of its levels.

You collected 96 gold pieces.

Inventory:

Hand Weapons
 a - a +0 hand axe
 c - a +0 club
 g - a +0 hand axe (weapon)
 h - a +0 club
 i - a +0 short sword
 k - a +0 whip
 o - a +0 dagger
 p - a +0 sling
Missiles
 d - 23 stones
Armour
 b - a +0 animal skin
 m - a +0 leather armour (worn)
Scrolls
 n - a scroll of amnesia {unknown}
Potions
 e - a potion of curing {unknown}
 f - a potion of berserk rage {unknown}
 l - a potion of haste {unknown}


   Skills:
 + Level 3.5 Fighting
 + Level 3.4 Axes
 + Level 2.1 Armour
 + Level 2.1 Dodging


You had 2 spell levels left.
You didn't know any spells.
Your spell library was empty.

Dungeon Overview and Level Annotations

Branches:
Dungeon (2/15)

Altars:


Innate Abilities, Weirdness & Mutations

You regain HP and MP as you explore.


Message History

The gnoll shouts!
You hear a shout!
You hear a loud squeak.
A bat comes into view.
The gnoll moves out of view.
A gnoll comes into view. It is wielding a +0 spear.
There are monsters nearby!
A gnoll comes into view. It is wielding a +0 club.
Found a bubbling ruby potion.
The gnoll shouts!
There is an open door here.
Okay, then.
There's a creature in the doorway!
You hit the bat but do no damage. The bat closely misses you.
A rat comes into view.
The bat barely misses you.
The rat squeaks loudly.
You hit the bat.
The bat is heavily wounded.
The bat hits you.
You hit the gnoll but do no damage. The gnoll hits you with a +0 club.
You barely miss the gnoll. The gnoll closely misses you.
The gnoll barely misses you.
You closely miss the gnoll. The gnoll barely misses you. x2
You hit the gnoll.
The gnoll is moderately wounded.
The gnoll hits you from afar with a +0 spear.
The gnoll hits you with a +0 club.
You hit the gnoll.
The gnoll is heavily wounded.
The gnoll barely misses you. The gnoll hits you with a +0 club!
The gnoll attacks as it pursues you! The gnoll hits you with a +0 club.
You see here a +0 short sword.
The gnoll attacks as it pursues you! The gnoll hits you with a +0 club!
* * * LOW HITPOINT WARNING * * *
There is a stone staircase leading up, spattered with blood here.
You climb upwards.
There is a stone staircase leading down here.
It was a potion of brilliance.
You feel clever all of a sudden. The gnoll hits you with a +0 club.
You die...

### ... #.# #.#
#.# ##
#.####+#####
.####.#........###
.'....'........g@#
.####.#........###
.# #.#........# .#
#.#........# .#
#.#........# .+
..#........# .#
###........# ...
#........# ...


You could see a gnoll.

Vanquished Creatures
  A ribbon worm (D:2)
  3 bats (D:1)
  2 endoplasms (D:1)
  A giant cockroach (D:1)
  3 goblins
  3 hobgoblins
  2 kobolds
  A quokka (D:1)
  2 rats (D:1)
18 creatures vanquished.

Notes
Turn   | Place    | Note
-------+----------+-------------------------------------------
     0 | D:1      | ckbwf the Human Berserker began the quest for the Orb.
     0 | D:1      | Reached XP level 1. HP: 18/18 MP: 1/1
   224 | D:1      | Reached XP level 2. HP: 24/24 MP: 2/2
   552 | D:2      | Reached XP level 3. HP: 27/29 MP: 3/3
   601 | D:1      | Slain by a gnoll

Illustrated notes

Levels and vault maps discovered:
D:1:      amcnicky_arrival_blooded_trapdoor, layout_basic,
          minmay_misc_feat_doors
D:2:      layout_basic, basic_altar, serial_shops, nicolae_lakefront_shop,
          minmay_misc_feat_more_columns, uniq_crazy_yiuf_cottage, uniq_sigmund

Action                     || total
---------------------------++-------
  Melee: Hand axe          ||    59
    Use: Potion            ||     1
 Armour: Animal skin       ||    25
         Leather armour    ||    10
  Dodge: Dodged            ||    36

Table legend: (Time is in decaauts)
 A = Elapsed time spent in this place.
 B = Non-inter-level travel time spent in this place.
 C = Inter-level travel time spent in this place.
 D = Time resting spent in this place.
 E = Time spent auto-exploring this place.
 F = Levels seen in this place.
 G = Mean time per level.
                   A        B        C        D        E       F      G
               +--------+--------+--------+--------+--------+-----+--------+
         Total |    608 |    608 |      0 |      0 |     86 |   2 |  304.0 |
       Dungeon |    608 |    608 |      0 |      0 |     86 |   2 |  304.0 |
               +--------+--------+--------+--------+--------+-----+--------+

Top non-repeatable levels by time:
     D:1: 489 daAuts
     D:2: 119 daAuts
